 Dungeon Crawl Stone Soup version 0.26.1-2-gb8aa6d0cf2 (webtiles) character file.

Game seed: 4684169087633137772

357 windgrace the Poker (level 6, 0/47 HPs)
             Began as a Merfolk Gladiator on Feb 9, 2021.
             Was a Follower of Qazlal.
             Succumbed to Edmund's poison
             ... on level 4 of the Dungeon.
             The game lasted 00:26:48 (3713 turns).

windgrace the Poker (Merfolk Gladiator)             Turns: 3713, Time: 00:26:48

Health: 0/47       AC: 10    Str: 16    XL:     6   Next: 64%
Magic:  6/6        EV:  9    Int: 13    God:    Qazlal [*.....]
Gold:   286        SH:  1    Dex: 16    Spells: 5/5 levels left

rFire    x . .     SeeInvis .   A - -3 mace (curse)
rCold    + . .     Faith    .   (no shield)
rNeg     . . .     Spirit   .   s - +0 chain mail
rPois    .         Reflect  .   c - +1 helmet
rElec    .         Harm     .   (no cloak)
rCorr    .         Rampage  .   (no gloves)
Will     .....                  (no boots)
Stlth    ..........             (no amulet)
HPRegen  0.15/turn              j - +6 ring of intelligence
MPRegen  0.10/turn              v - ring of ice

@: mighty, lethally poisoned (0 -> -10)
A: change form in water, swift swim, stealthy swim
a: Renounce Religion


You were on level 4 of the Dungeon.
You worshipped Qazlal.
Qazlal was aware of your devotion.
You visited 1 branch of the dungeon, and saw 4 of its levels.

You collected 286 gold pieces.

Inventory:

Hand Weapons
 a - a +0 trident
 d - a +2 whip of holy wrath
 g - a +0 hunting sling
 i - a +0 whip
 u - a +0 spear
 y - a +3 quarterstaff of chaos
 z - a +0 mace
 A - a cursed -3 mace (weapon)
Missiles
 h - 98 stones (quivered)
 p - 31 bolts
Armour
 b - a +0 leather armour
 c - a +1 helmet (worn)
 k - a +0 scale mail
 r - a +0 ring mail
 s - a +0 chain mail (worn)
Jewellery
 j - a +6 ring of intelligence (left hand)
 v - a ring of ice (right hand)
Scrolls
 e - a scroll of enchant weapon
 f - 3 scrolls of amnesia
 l - 2 scrolls of noise
 m - 3 scrolls of identify
 x - a scroll of teleportation
Potions
 B - a potion of flight


   Skills:
 + Level 3.3 Fighting
 + Level 1.8 Maces & Flails
 + Level 5.9 Polearms
 + Level 1.7(2.4) Slings
 + Level 3.0(3.4) Throwing
 + Level 1.5 Armour
 + Level 4.8 Dodging
 + Level 0.3 Stealth


You had 5 spell levels left.
You didn't know any spells.
Your spell library was empty.

Dungeon Overview and Level Annotations

Branches:
Dungeon (4/15)
 Temple: D:4-7

Altars:
Fedhas
Qazlal
Trog


Message History

You kill Edmund!
Qazlal accepts your kill.
* * * LOW HITPOINT WARNING * * *
You feel sick.
Your Throwing skill increases to level 3!
Okay, then.
* * * LOW HITPOINT WARNING * * *
You feel sick.
You feel less wooden.
Your +1 helmet unmelds from your body.
Your +0 chain mail unmelds from your body.
* * * LOW HITPOINT WARNING * * *
You feel sick.
* * * LOW HITPOINT WARNING * * *
You feel sick.
* * * LOW HITPOINT WARNING * * *
You feel sick.
* * * LOW HITPOINT WARNING * * *
You feel sick.
You die...

,,,,******<,*** *,,*
**,,,,,,,**, **,**
*,,,,,*#*..###..,,,,,****
*,,*
**,***,,.#..((.......****.
**,****,**
***.....(......#* *..
***,,**,,* *#...(..,,...#
*#.# ,,,,,,,,**
#..(.#****..###..#
,,,,,,,,,** #.(.#*
*#.##..## ***,,,,,,,**
###).#* ###.......
*,,,***,,**#..@.#
###......... * *,***
*#....##(.####..........#
***,*
#.#***##.....###........
,*,** **,** ##.####
##..#.### ,,,** **,*,**
#.# #..#..# ***,* *,***,*
#.# #####<# *** *** ***
### ###


There were no monsters in sight!

Vanquished Creatures
  Edmund (D:4)
  A hound (D:4)
  Crazy Yiuf (D:2)
  A hound skeleton (D:4)
  2 gnolls (D:4)
  6 adders
  An ooze (D:3)
  An adder zombie (D:3)
  3 worms
  2 dart slugs
  2 leopard geckos (D:2)
  4 orcs (D:3)
  5 bats
  5 giant cockroaches
  5 goblins
  10 hobgoblins
  5 jackals (D:2)
  5 kobolds
  2 quokkas
  A ball python (D:1)
  2 frilled lizards
  A leopard gecko skeleton (D:4)
  8 rats
74 creatures vanquished.

Vanquished Creatures (others)
  A fungus (D:3)
  2 plants (D:3)
3 creatures vanquished.

Grand Total: 77 creatures vanquished

Notes
Turn   | Place    | Note
-------+----------+-------------------------------------------
     0 | D:1      | windgrace the Merfolk Gladiator began the quest for the
                  | Orb.
     0 | D:1      | Reached XP level 1. HP: 16/16 MP: 1/1
   171 | D:1      | Reached XP level 2. HP: 22/22 MP: 2/2
   416 | D:1      | Reached skill level 5 in Polearms
   584 | D:1      | Reached XP level 3. HP: 28/28 MP: 3/3
  1331 | D:2      | Reached XP level 4. HP: 34/34 MP: 4/4
  1422 | D:2      | Found a runed translucent door.
  1423 | D:2      | Noticed Crazy Yiuf
  1434 | D:2      | Killed Crazy Yiuf
  1435 | D:2      | Reached skill level 1 in Slings
  1796 | D:3      | Found a bloodstained altar of Trog.
  1800 | D:3      | Found a blossoming altar of Fedhas.
  1805 | D:3      | Found a stormy altar of Qazlal.
  1865 | D:3      | Became a worshipper of Qazlal Stormbringer
  2404 | D:3      | Reached XP level 5. HP: 18/40 MP: 5/5
  3125 | D:4      | Reached skill level 1 in Armour
  3172 | D:4      | Reached skill level 1 in Maces & Flails
  3188 | D:4      | Reached * piety under Qazlal
  3262 | D:4      | Reached XP level 6. HP: 43/47 MP: 6/6
  3650 | D:4      | Noticed Edmund
  3707 | D:4      | Killed Edmund
  3711 | D:4      | HP: 1/47 [poisoned by Edmund]
  3713 | D:4      | Succumbed to Edmund's poison

Illustrated notes

Levels and vault maps discovered:
D:1:      ncdulo_lavacross, layout_basic, minmay_misc_feat_hallway,
          chequers_serial_rivers_large_b
D:2:      layout_basic, minmay_misc_feat_ornament, uniq_crazy_yiuf_cottage
D:3:      layout_basic, grunt_temple_overflow_forces_of_nature,
          overflow_temple_1_default, minmay_randomly_rotated_circles
D:4:      layout_layer_cave, uniq_edmund

Skill      XL: |  1  2  3  4  5  6 |
---------------+-------------------+-----
Polearms       | 5 |  5.9
Slings         | 1 |  1.7
Fighting       | 3 |  3.3
Armour         | 1 |  1.5
Maces & Flails | 1 |  1.8
Throwing       | 3 |  3.0
Dodging        | |  4.8
Stealth        | |  0.3

Action                   |  1- 3 |  4- 6 || total
-------------------------+-------+-------++-------
Melee: Trident           |   119 |     8 ||   127
       Mace              |       |   253 ||   253
 Fire: Hunting sling     |    18 |     2 ||    20
Throw: Stone             |       |    36 ||    36
       Dart              |       |    12 ||    12
       Throwing net      |       |     4 ||     4
  Use: Scroll            |       |     8 ||     8
       Potion            |       |     4 ||     4
 Stab: Held in net/web   |       |     1 ||     1
Armor: Leather armour    |     1 |       ||     1
       Scale mail        |     4 |       ||     4
       Chain mail        |    25 |   141 ||   166
       Skin              |       |    21 ||    21
Dodge: Dodged            |    31 |   121 ||   152
Block: Other             |       |     3 ||     3
